 Dungeon Crawl Stone Soup version 0.19.1 (webtiles) character file.

14 M4edhros the Charlatan (level 2, -15/18 HPs)
             Began as an Octopode Artificer on Dec 7, 2016.
             Demolished by an ogre
             ... wielding a +0 giant club
              (29 damage)
             ... on level 4 of the Dungeon.
             The game lasted 00:00:45 (588 turns).

M4edhros the Charlatan (Octopode Artificer)          Turns: 588, Time: 00:00:45

Health: -15/18     AC:  1    Str: 11    XL:     2   Next: 45%
Magic:  4/4        EV: 13    Int: 13    God:
Gold:   77         SH:  3    Dex: 12    Spells: 0 memorised, 1 level left

rFire  . . .     SeeInvis .     a - +0 short sword
rCold  . . .     Gourm    .     m - +0 buckler
rNeg   . . .     Faith    .     (helmet restricted)
rPois  .         Spirit   .     (no amulet)
rElec  .         Reflect  .     (no ring)
rCorr  .         Harm     .     (no ring)
MR     .....                    (no ring)
Stlth  +++.......               (no ring)
                                (no ring)
                                (no ring)
                                (no ring)
                                (no ring)

@: no status effects
A: almost no armour, stealthy swim, amphibious, 8 rings, constrict 8, camouflage
1, gelatinous body 1
a: no special abilities


You were on level 4 of the Dungeon.
You were not hungry.

You visited 1 branch of the dungeon, and saw 4 of its levels.

You collected 77 gold pieces.

Inventory:

Hand Weapons
 a - a +0 short sword (weapon)
Missiles
 i - 6 poisoned tomahawks (quivered)
Armour
 m - a +0 buckler (worn)
Wands
 b - a wand of flame (15/48)
 c - a wand of enslavement (15/24)
 d - a wand of random effects (14/48)
Scrolls
 g - a scroll of blinking {unknown}
 h - a scroll of enchant armour {unknown}
 j - a scroll of noise {unknown}
 l - a scroll of recharging {unknown}
Potions
 e - 2 potions of curing {unknown}
 k - a potion of lignification {unknown}
Comestibles
 f - 2 bread rations


   Skills:
 - Level 1.0 Fighting
 - Level 1.0 Short Blades
 + Level 2.4 Dodging
 + Level 1.9 Stealth
 + Level 0.0 Shields
 + Level 3.6 Evocations


You had one spell level left.
You didn't know any spells.

Dungeon Overview and Level Annotations

Branches:
Dungeon (4/15)
 Temple: D:4-7

Altars:
Kikubaaqudgha


Innate Abilities, Weirdness & Mutations

You cannot wear most types of armour.
You are very stealthy in the water. (Stealth+)
You are amphibious.
You can wear up to eight rings at the same time.
You can use your tentacles to constrict eight enemies at once.
Your skin changes colour to match your surroundings (Stealth+).
Your rubbery body absorbs attacks. (AC +1, EV +1)


Message History

The adder skeleton bites you.
You hit the adder skeleton. You grab the adder skeleton.
The adder skeleton is moderately damaged.
You constrict the adder skeleton. The adder skeleton bites you.
You hit the adder skeleton. You squeeze the adder skeleton.
The adder skeleton is severely damaged.
You constrict the adder skeleton. The adder skeleton bites you.
You hit the adder skeleton.
The adder skeleton is almost destroyed.
You constrict the adder skeleton.
You destroy the adder skeleton!
Evoke which item? (* to show all) (? for menu, Esc to quit)
Zapping:
d - a wand of random effects (15/48)
Press: ? - help, Shift-Dir - straight line, f - ogre
Aim: an ogre, wielding a giant club The ogre flickers and vanishes!
Deactivating autopickup; reactivate with Ctrl-A.
This wand has 14 charges left.
Something hits you!!
Ouch! That really hurt!
You die...

#########
........# #{#
#@# #.#
#.############
#............#
#..##.####.#.#
#..##.# #<#.#
#..##.# #.#.#
#..##.# #.#.#
#...... #.#.#


There were no monsters in sight!

Vanquished Creatures
  An adder skeleton (D:4)
  A worm (D:2)
  A goblin (D:2)
  A hobgoblin (D:1)
  A quokka (D:3)
  A bat (D:1)
  A frilled lizard (D:3)
  A kobold (D:3)
  2 rats (D:3)
10 creatures vanquished.

Notes
Turn   | Place    | Note
-------+----------+-------------------------------------------
     0 | D:1      | M4edhros the Octopode Artificer began the quest for the Orb.
     0 | D:1      | Reached XP level 1. HP: 13/13 MP: 3/3
   125 | D:3      | Noticed a wight
   125 | D:3      | Noticed a wight
   125 | D:3      | Noticed a wight
   125 | D:3      | Noticed a wight
   166 | D:2      | Reached XP level 2. HP: 14/18 MP: 4/4
   225 | D:3      | Found an ancient bone altar of Kikubaaqudgha.
   581 | D:4      | Noticed an ogre
   588 | D:4      | Demolished by an ogre

Action                   || total
-------------------------++-------
Melee: Short sword       ||    26
       Constrict         ||     6
       Tentacles         ||     2
Evoke: Wand              ||     1
 Stab: Sleeping          ||     3
Armor: Skin              ||     1
Dodge: Dodged            ||     8
